 Dungeon Crawl Stone Soup version 0.20-a0-738-gb057e68 (webtiles) character file.

4990 Gorglomux the Thrower (level 10, -5/91 HPs)
             Began as a Troll Hunter on Feb 23, 2017.
             Was a Follower of Okawaru.
             Slain by esteth's ghost (8 damage)
             ... on level 9 of the Dungeon.
             The game lasted 00:18:51 (8125 turns).

Gorglomux the Thrower (Troll Hunter)                Turns: 8125, Time: 00:18:51

Health: -5/91      AC:  5    Str: 25    XL:     10   Next: 29%
Magic:  9/9        EV: 11    Int:  7    God:    Okawaru [*.....]
Gold:   460        SH:  0    Dex: 13    Spells: 6/9 levels left

rFire    . . .     SeeInvis .     - Unarmed
rCold    . . .     Gourm    +   b - +0 robe
rNeg     . . .     Faith    .   (no shield)
rPois    .         Spirit   .   (helmet restricted)
rElec    .         Reflect  .   (no cloak)
rCorr    .         Harm     .   (gloves unavailable)
MR       .....                  (boots unavailable)
Stlth    +.........             (no amulet)
Regen    0.7/turn               I - +3 ring of dexterity
MPRegen  0.2/turn               (no ring)

@: heavily drained
A: unfitting armour, claws 3, fast metabolism 3, gourmand, regeneration 1,
shaggy fur 1, tough skin 2
a: Heroism, Renounce Religion


You were on level 9 of the Dungeon.
You worshipped Okawaru.
Okawaru was aware of your devotion.
You were not hungry.

You visited 2 branches of the dungeon, and saw 11 of its levels.

You collected 460 gold pieces.

Inventory:

Hand Weapons
 a - a +0 short sword
Missiles
 X - 106 stones (quivered)
Armour
 b - a +0 robe (worn)
 G - a cursed +1 large shield
Jewellery
 I - a +3 ring of dexterity (right claw)
Scrolls
 C - a scroll of noise
 D - a scroll of enchant weapon {unknown}
 N - 2 scrolls of enchant armour
 O - 6 scrolls of remove curse
 Q - 2 scrolls of fog
 R - 2 scrolls of identify
 T - a scroll of summoning {unknown}
 U - a scroll of fear
 W - 2 scrolls of recharging
Potions
 B - a potion of curing
 F - 2 potions of haste
 J - 2 potions of ambrosia
 K - 2 potions of agility
 M - 2 potions of heal wounds
 P - a potion of flight
 Y - 4 potions of magic
 Z - 2 potions of degeneration
Books
 A - a book of Flames

   Spells                             Type                      Level
   a - Flame Tongue                   Conjuration/Fire             1
   b - Throw Flame                    Conjuration/Fire             2
   c - Conjure Flame                  Conjuration/Fire             3
   d - Inner Flame                    Hexes/Fire                   3
   e - Sticky Flame                   Conjuration/Fire             4
   f - Fireball                       Conjuration/Fire             5
 E - a book of Battle

   Spells                             Type                      Level
   a - Infusion                       Charms                       1
   b - Shroud of Golubria             Charms/Translocation         2
   c - Song of Slaying                Charms                       2
   d - Spectral Weapon                Hexes/Charms                 3
   e - Regeneration                   Charms/Necromancy            3
 H - a book of Maledictions

   Spells                             Type                      Level
   a - Corona                         Hexes                        1
   b - Ensorcelled Hibernation        Hexes/Ice                    2
   c - Confuse                        Hexes                        3
   d - Tukima's Dance                 Hexes                        3
   e - Dazzling Spray                 Conjuration/Hexes            3
Comestibles
 f - 5 bread rations
 S - 4 royal jellies
 V - 2 fruits


   Skills:
 + Level 3.2(2.0) Fighting
 - Level 12.2(10.7) Throwing
 + Level 4.3(3.1) Dodging
 - Level 0.3(0.0) Stealth
 + Level 4.8(3.5) Unarmed Combat


You had 6 spell levels left.
You knew the following spells:

 Your Spells              Type           Power        Failure   Level  Hunger
R - Regeneration          Chrm/Necr      #.........   96%         3    ####...


Dungeon Overview and Level Annotations

Branches:
Dungeon (10/15)            Temple (1/1) D:7
   Lair: D:8-11         Orc: D:9-12

Altars:
Ashenzari
Cheibriados
Elyvilon
Hepliaklqana
Kikubaaqudgha
Makhleb
Nemelex Xobeh
Okawaru
Ru
Sif Muna
Vehumet
Xom
Yredelemnul
The Shining One

Annotations:
D:9 esteth's ghost, novice DrTm


Innate Abilities, Weirdness & Mutations

You are too large for most types of armour.
You have claws for hands.
Your metabolism is lightning-fast.
You like to eat raw meat.
Your natural rate of healing is unusually fast.
You are covered in fur. (AC +1)
You have very tough skin. (AC +2)


Message History

* * * LOW HITPOINT WARNING * * *
Throwing (i - inventory. (,) - cycle):
c - 2 large rocks (quivered)
Press: ? - help, Shift-Dir - straight line, f/p - esteth's ghost
Aim: esteth's ghost (heavily damaged)
You throw a large rock. The large rock hits esteth's ghost.
Esteth's ghost is severely damaged.
Esteth's ghost hits you.
* * * LOW HITPOINT WARNING * * *
Throwing (i - inventory. (,) - cycle):
c - a large rock (quivered)
Press: ? - help, Shift-Dir - straight line, f/p - esteth's ghost
Aim: esteth's ghost (heavily damaged)
You throw a large rock. The large rock misses esteth's ghost.
Esteth's ghost closely misses you. x2
Throwing (i - inventory):
X - 107 stones (quivered)
Press: ? - help, Shift-Dir - straight line, f/p - esteth's ghost
Aim: esteth's ghost (heavily damaged)
You throw a stone.
The stone closely misses esteth's ghost.
Esteth's ghost hits you!
You die...

#..# #..........
#(.#####..........
#.......÷####.....
#..#####........# #.....
#$.........###..# #.....
#..........# #..# #.....
#..#####...# #..# #..... #..#
#W..# #..# #..... #..# #@..#
#..# #.^... ######.†#
#...###..####.....
........#####.................
..............................
..(..(W..<....................
########...###..#####..#######
#...# #..# #..# #...# #..#
#..# #...# #..# #..#


You could see esteth's ghost.

Vanquished Creatures
  Joseph (D:7)
  Psyche (D:8)
  Grinder (D:4)
  Prince Ribbit (D:6)
  A hornet (D:8)
  A hippogriff (D:10)
  Sigmund (D:5)
  The ghost of Gorglomux the Covert, an amateur SpEn (D:4)
  Edmund (D:4)
  Duvessa (D:4)
  2 orc warriors
  3 ice beasts
  A sky beast (D:8)
  3 ogres
  A centaur (D:6)
  2 big kobolds
  A wyvern zombie (D:6)
  5 bullfrogs
  Dowan (D:4)
  5 howler monkeys
  2 bullfrog zombies
  4 crimson imps
  A centaur zombie (D:8)
  A quasit (D:6)
  5 hounds
  A jelly (D:6)
  2 bullfrog skeletons
  3 orc priests
  An iguana (D:6)
  7 orc wizards
  A centaur skeleton (D:6)
  Jessica (D:3)
  7 worker ants
  Robin (D:3)
  7 gnolls (D:6)
  8 adders
  An ooze (D:3)
  3 adder zombies
  A worm (D:2)
  A leopard gecko (D:4)
  35 orcs
  A ball python (D:5)
  5 bats
  10 giant cockroaches
  14 goblins
  8 hobgoblins
  9 jackals
  A quokka (D:5)
  4 frilled lizards
  2 jackal skeletons
  16 kobolds
  A leopard gecko skeleton (D:5)
  A quokka skeleton (D:4)
  A quokka zombie (D:5)
  9 rats
  2 plants (D:4)
211 creatures vanquished.

Vanquished Creatures (others)
  An orc warrior (D:8)
1 creature vanquished.

Grand Total: 212 creatures vanquished

Notes
Turn   | Place    | Note
-------+----------+-------------------------------------------
     0 | D:1      | Gorglomux the Troll Hunter began the quest for the Orb.
     0 | D:1      | Reached XP level 1. HP: 19/19 MP: 0/0
    17 | D:1      | Reached skill level 1 in Unarmed Combat
    57 | D:1      | Reached XP level 2. HP: 27/27 MP: 1/1
   709 | D:2      | Reached XP level 3. HP: 33/33 MP: 2/2
   851 | D:2      | Reached skill level 3 in Unarmed Combat
  1009 | D:2      | Found a basalt altar of Yredelemnul.
  1110 | D:3      | Noticed Jessica
  1117 | D:3      | Killed Jessica
  1117 | D:3      | Reached XP level 4. HP: 41/41 MP: 3/3
  1164 | D:3      | Noticed Robin
  1191 | D:3      | Killed Robin
  1638 | D:3      | Found a deep blue altar of Sif Muna.
  1682 | D:3      | Reached XP level 5. HP: 34/49 MP: 4/4
  1923 | D:3      | Reached skill level 4 in Throwing
  1949 | D:4      | Noticed Edmund
  1962 | D:4      | Killed Edmund
  1962 | D:4      | Reached XP level 6. HP: 56/57 MP: 5/5
  2070 | D:4      | Noticed Gorglomux's ghost (amateur SpEn)
  2127 | D:4      | Killed Gorglomux's ghost
  2127 | D:4      | Reached skill level 5 in Throwing
  2127 | D:4      | Reached skill level 3 in Dodging
  2193 | D:4      | Reached XP level 7. HP: 64/65 MP: 6/6
  2233 | D:4      | Found a glowing golden altar of the Shining One.
  2464 | D:4      | Found a sacrificial altar of Ru.
  2613 | D:4      | Noticed Grinder
  2628 | D:4      | Killed Grinder
  2628 | D:4      | Reached skill level 6 in Throwing
  2662 | D:4      | Noticed Duvessa
  2662 | D:4      | Noticed Dowan
  2688 | D:4      | Killed Duvessa
  2697 | D:4      | Killed Dowan
  2697 | D:4      | Reached skill level 7 in Throwing
  2980 | D:5      | Entered Level 5 of the Dungeon
  2992 | D:5      | Noticed Sigmund
  2994 | D:5      | Killed Sigmund
  2994 | D:5      | Reached XP level 8. HP: 72/72 MP: 7/7
  3021 | D:5      | Reached skill level 8 in Throwing
  3876 | D:6      | Reached skill level 9 in Throwing
  4135 | D:6      | Learned a level 3 spell: Regeneration
  4166 | D:6      | Noticed Prince Ribbit
  4167 | D:6      | Found an ancient bone altar of Kikubaaqudgha.
  4212 | D:6      | Reached XP level 9. HP: 33/79 MP: 8/8
  4219 | D:6      | Reached skill level 10 in Throwing
  4434 | D:6      | Found a shimmering altar of Xom.
  4454 | D:6      | Found a hazy altar of Hepliaklqana.
  4669 | D:6      | Killed Prince Ribbit
  5091 | D:7      | Found a staircase to the Ecumenical Temple.
  5104 | D:7      | Noticed Joseph
  5113 | D:7      | Killed Joseph
  5113 | D:7      | Reached skill level 11 in Throwing
  5139 | Temple   | Entered the Ecumenical Temple
  5189 | Temple   | Became a worshipper of Warmaster Okawaru
  5307 | D:7      | You fall through a shaft for 3 floors!
  5307 | D:10     | Entered Level 10 of the Dungeon
  5597 | D:8      | Noticed Psyche
  5601 | D:8      | Killed Psyche
  5601 | D:8      | Reached * piety under Okawaru
  5601 | D:8      | Reached skill level 12 in Throwing
  5767 | D:8      | Reached XP level 10. HP: 75/87 MP: 9/9
  6158 | D:7      | Found a burning altar of Makhleb.
  7038 | D:8      | Paralysed by a hornet for 3 turns
  7379 | D:8      | Reached skill level 3 in Fighting
  7871 | D:9      | Noticed esteth's ghost (novice DrTm)
  8122 | D:9      | HP: 3/91 [esteth's ghost (10)]
  8125 | D:9      | Slain by esteth's ghost

Vault maps used:
D:1:      dpeg_arrival_simpleton_a, minmay_pentomino_x2
D:2:      overflow_temple_1_default
D:3:      led_sif_book, uniq_robin, uniq_jessica
D:4:      nicolae_tso_carved_into_rock, nicolae_ru_the_path_less_chosen,
          first_bread, serial_bayou_lagoon_a, uniq_edmund, uniq_duvessa,
          uniq_grinder
D:5:      uniq_sigmund
D:6:      kennysheep_mini, kiku_gazebo_garden_becter, kennysheep_mini_moat,
          uniq_prince_ribbit1
D:7:      nicolae_overflow_crystal_walls, minmay_temple_entry_trees, uniq_joseph
D:8:      minmay_orc_keep, uniq_psyche
D:9:      zin_scriptorium, fedhas_altar_decomposition, lair_entry_dummy,
          serial_shops, shop, serial_park_tiny_1, hangedman_fish_farm,
          uniq_erica
Temple:   hc_temple_tempest_star

Skill      XL: |  1  2  3  4  5  6  7  8  9 10 |
---------------+-------------------------------+-----
Unarmed Combat | 1 2 4 |  4.8
Fighting       | 2 3 |  3.2
Dodging        | 2 3 4 |  4.3
Throwing       | 4 5 7 9 12 | 12.2
Stealth        | |  0.3

Action                   |  1- 3 |  4- 6 |  7- 9 | 10-12 || total
-------------------------+-------+-------+-------+-------++-------
Melee: Unarmed           |    63 |    88 |   358 |   158 ||   667
       Short sword       |     3 |       |       |       ||     3
       Punch             |       |       |     9 |     6 ||    15
Throw: Stone             |    68 |    83 |   107 |    32 ||   290
       Throwing net      |     1 |       |     1 |       ||     2
       Large rock        |       |       |    20 |     5 ||    25
Invok: Heroism           |       |       |       |     1 ||     1
  Use: Scroll            |       |       |    12 |     5 ||    17
       Potion            |       |       |       |     1 ||     1
 Stab: Sleeping          |     2 |       |     1 |       ||     3
       Invisible         |       |       |       |     1 ||     1
  Eat: Chunk             |    16 |     9 |    33 |    16 ||    74
Armor: Robe              |    30 |    36 |    75 |    51 ||   192
Dodge: Dodged            |    46 |    30 |   217 |   111 ||   404
